 Dungeon Crawl Stone Soup version 0.31.0-32-g396128a36d (webtiles) character file.

Game seed: 15238857730462152212

109 Gadfly the Shield-Bearer (level 4, -4/29 HPs)
             Began as a Gargoyle Fighter on Mar 9, 2024.
             Slain by a black bear (5 damage)
             ... on level 3 of the Dungeon.
             The game lasted 00:03:32 (1747 turns).

Gadfly the Shield-Bearer (Gargoyle Fighter)         Turns: 1747, Time: 00:03:33

Health: -4/29      AC: 10    Str: 20    XL:     4   Next: 89%
Magic:  5/5        EV:  9    Int:  8    God:
Gold:   141        SH:  4    Dex: 11    Spells: 3/3 levels left

rFire   . . .        b - +0 dagger (venom)
rCold   . . .        c - +0 buckler
rNeg    + . .        j - +0 scale mail
rPois   ∞            (no helmet)
rElec   +            (no cloak)
rCorr   .            (no gloves)
SInv    .            (no boots)
Will    .....        (no amulet) Stlth
                     (no ring)
HPRegen 0.24/turn    (no ring)
MPRegen 0.09/turn

%: no passive effects
@: no status effects
A: sickness immunity, AC +3, negative energy resistance 1, electricity
resistance, torment resistance 1, petrification resistance
a: no special abilities


You were on level 3 of the Dungeon.
You visited 1 branch of the dungeon, and saw 3 of its levels.

You collected 141 gold pieces.

Inventory:

Hand Weapons
 a - a +0 flail of holy wrath
 b - a +0 dagger of venom (weapon)
 n - a +0 flail
Armour
 c - a +0 buckler (worn)
 j - a +0 scale mail (worn)
Jewellery
 g - an amulet of regeneration
Wands
 l - a wand of polymorph (4)
Scrolls
 k - a scroll of enchant weapon {unknown}
Potions
 d - 2 potions of might
 e - a potion of haste
 f - 2 potions of ambrosia
 h - 3 potions of curing {unknown}
 i - a potion of attraction {unknown}
 m - a potion of brilliance {unknown}


   Skills:
 + Level 3.7 Fighting
 * Level 2.7 Maces & Flails
 + Level 3.7 Armour
 + Level 3.8 Shields
 * Level 1.8 Invocations
 * Level 1.5 Evocations


You had 3 spell levels left.
You didn't know any spells.
Your spell library contained the following spells:

 Spells                   Type           Power      Damage    Failure   Level
 Tukima's Dance           Hex            0%         N/A       99%         3
 Dimensional Bullseye     Hex/Tloc       0%         N/A       100%        4
 Iskenderun's Mystic Bla  Conj/Tloc      0%         2d3       100%        4


Dungeon Overview and Level Annotations

Branches:
Dungeon (3/15)

Altars:


Innate Abilities, Weirdness & Mutations

You are immune to sickness and miasma.
Your stone body is resilient. (AC +3)
You are immune to poison.
You resist negative energy. (rN+)
You are resistant to electric shocks. (rElec)
You are resistant to unholy torment.
You are immune to petrification.


Message History

The black bear looks as sick as possible!
The black bear is moderately wounded.
The black bear bites you but does no damage.
The black bear claws you but does no damage.
The black bear claws you.
You hit the black bear but do no damage.
The black bear looks as sick as possible!
The black bear is heavily wounded.
The black bear barely misses you. The black bear misses you.
The black bear closely misses you.
You barely miss the black bear.
The black bear is severely wounded.
The black bear goes berserk!
You hit the black bear.
The black bear looks as sick as possible!
The black bear is severely wounded.
The black bear barely misses you.
The black bear claws you but does no damage. x2
You hit the black bear but do no damage.
The black bear looks as sick as possible!
The black bear is severely wounded.
The black bear bites you! The black bear claws you.
The black bear closely misses you. The black bear bites you.
The black bear barely misses you.
The black bear claws you but does no damage.
The black bear rages.
The black bear attacks as it pursues you!
The black bear bites you. The black bear closely misses you.
The black bear claws you but does no damage.
The black bear bites you but does no damage.
You block the black bear's attack.
The black bear claws you but does no damage.
You hit the black bear.
The black bear looks as sick as possible!
The black bear is almost dead.
The black bear bites you!
* * * LOW HITPOINT WARNING * * *
The black bear claws you but does no damage.
The black bear claws you.
You die...

#.. #### ...
##... ...
##.... #.# #
.#..... #.#
.# .......
#.####..#
#.....
#####.##....#
#.....
#.....@h.##.#
#..... #.
#.###.####
#..... #..
#..# #...†
#...###.##
.###...
#....>#
.......
##....##
.######
#..##..####
#.# ##....#
..#.# ####.#
#


You could see a black bear (berserk, extremely poisoned).

Vanquished Creatures
  Jessica (D:2)
  An adder (D:3)
  A ribbon worm (D:2)
  A dart slug (D:1)
  2 orcs (D:3)
  9 ball pythons
  6 endoplasms
  4 giant cockroaches (D:1)
  3 goblins
  9 hobgoblins
  2 jackals (D:1)
  2 quokkas (D:1)
  4 bats
  4 frilled lizards
  5 kobolds
  2 rats
56 creatures vanquished.

Notes
Turn   | Place    | Note
-------+----------+-------------------------------------------
     0 | D:1      | Gadfly the Gargoyle Fighter began the quest for the Orb.
     0 | D:1      | Reached XP level 1. HP: 14/14 MP: 1/1
   113 | D:1      | Reached XP level 2. HP: 16/19 MP: 2/2
   204 | D:1      | Reached skill level 1 in Invocations
   319 | D:1      | Reached XP level 3. HP: 23/23 MP: 3/3
   388 | D:1      | Reached skill level 1 in Evocations
   751 | D:2      | You fall into a shaft and drop 1 floor!
   912 | D:2      | Noticed Jessica
   919 | D:2      | Killed Jessica
   920 | D:2      | Reached XP level 4. HP: 21/29 MP: 3/5
  1514 | D:3      | Noticed a black bear
  1747 | D:3      | HP: 1/29 [black bear (8)]
  1747 | D:3      | Slain by a black bear

Illustrated notes

Levels and vault maps discovered:
D:1:      dpeg_arrival_snail, layout_basic
D:2:      layout_basic, uniq_jessica
D:3:      layout_rooms, grunt_ashenzari_visionary
          [grunt_ashenzari_visionary_swamp, grunt_ashenzari_visionary_snake],
          hellmonk_ecumenical_altar_heavens_door

Skill      XL: |  1  2  3 |
---------------+----------+-----
Invocations    | 1 |  1.8
Evocations     | 1 |  1.5
Fighting       | |  3.7
Maces & Flails | |  2.7
Armour         | |  3.7
Shields        | |  3.8

Action                     |  1- 3 |  4- 6 || total
---------------------------+-------+-------++-------
  Melee: Flail             |   126 |    39 ||   165
         Dagger            |       |    41 ||    41
    Use: Scroll            |     2 |     2 ||     4
 Armour: Scale mail        |   115 |    88 ||   203
  Dodge: Dodged            |    71 |    46 ||   117
  Block: Buckler           |    35 |    25 ||    60
